 Dungeon Crawl Stone Soup version 0.30.1-11-g7821555f0a (webtiles) character file.

Game seed: 2468478112573187535

221 Bronimir the Insei (level 6, -6/43 HPs)
             Began as a Djinni Transmuter on Dec 2, 2023.
             Mangled by a wyvern (15 damage)
             ... on level 4 of the Dungeon on Dec 4, 2023.
             The game lasted 00:08:21 (2709 turns).

Bronimir the Insei (Djinni Transmuter)              Turns: 2709, Time: 00:08:21

Health: -6/43      AC:  4    Str: 11    XL:     6   Next: 19%
Gold:   112        EV: 13    Int: 14    God:
                   SH:  0    Dex: 14

rFire   + +          .
                       - Unarmed
rCold   x . .        (no shield)
rNeg    . . .        a - +0 robe
rPois   ∞            (no helmet)
rElec   .            (no cloak)
rCorr   .            j - +1 pair of gloves
SInv    .            (boots unavailable)
Will    .....        (no amulet)
Stlth   ++           (no ring)
HPRegen 0.27/turn    (no ring)
MPRegen 0.00/turn

%: infuse magic (-7 HP)
@: flying
A: sickness immunity, fire resistance 2, cold vulnerability 1, float, innate
caster, HP casting, extra vitality 1
a: no special abilities


You were on level 4 of the Dungeon.
You visited 1 branch of the dungeon, and saw 4 of its levels.

You collected 112 gold pieces.

Inventory:

Missiles
 h - 2 poisoned darts
Armour
 a - a +0 robe (worn)
 d - a +0 pair of gloves
 j - a +1 pair of gloves (worn)
Scrolls
 c - 3 scrolls of identify {unknown}
 e - a scroll of brand weapon {unknown}
 f - a scroll of amnesia {unknown}
 g - a scroll of immolation {unknown}
 k - a scroll of blinking {unknown}
Potions
 b - 2 potions of curing


   Skills:
 * Level 1.8 Fighting
 * Level 3.1 Dodging
 + Level 0.7 Stealth
 * Level 5.3 Unarmed Combat
 * Level 2.2 Spellcasting


You knew the following spells:

 Your Spells              Type           Power      Damage    Failure   Level
a - Beastly Appendage     Tmut           14%        N/A       10%         1
b - Wereblood             Tmut           7%         N/A       14%         2
c - Spider Form           Tmut/Pois      7%         N/A       28%         3
d - Ice Form              Ice/Tmut       7%         N/A       67%         4
e - Freeze                Ice            28%        1d5       10%         1
f - Momentum Strike       Conj/Tloc      14%        3d8       14%         2
Your spell library was empty.

Dungeon Overview and Level Annotations

Branches:
Dungeon (4/15)
 Temple: D:4-7

Altars:
Ashenzari


Innate Abilities, Weirdness & Mutations

You are immune to sickness and miasma.
You are immune to poison.
Your flesh is very heat resistant. (rF++)
You are vulnerable to cold. (rC-)
You float through the air rather than walking.
You learn spells naturally, not from books.
Your magical power is your life essence.
You have superior vitality. (+4 MHP)


Message History

Press ? for a list of commands and other information.
Welcome back, Bronimir the Djinni Transmuter.
Press ? for a list of commands and other information.
A wyvern comes into view.
The ball python hisses angrily.
There is a stone staircase leading up here.
You barely miss the ball python. The ball python bites you.
The ball python closely misses you.
The ball python attacks as you move away!
The ball python closely misses you.
The ball python bites you but does no damage.
The ball python grabs you. The ball python constricts you.
You barely miss the ball python. The ball python bites you.
The ball python constricts you.
You barely miss the ball python. The ball python barely misses you.
The ball python constricts you.
You hit the ball python. You punch the ball python.
You kill the ball python!
There is a stone staircase leading up here.
You see here a ball python corpse.
The wyvern hisses angrily.
The wyvern bites you!
You hit the wyvern.
The wyvern is lightly wounded.
The wyvern closely misses you.
You hit the wyvern.
The wyvern is lightly wounded.
The wyvern bites you! x2
* * * LOW HITPOINT WARNING * * *
You hit the wyvern.
The wyvern is moderately wounded.
The wyvern misses you.
You hit the wyvern but do no damage.
The wyvern is moderately wounded.
The wyvern bites you.
* * * LOW HITPOINT WARNING * * *
You feel better. The wyvern bites you.
* * * LOW HITPOINT WARNING * * *
The wyvern bites you!
You die...

.. ## ## #.#
#..##. ..# .....
##.# . #..##..##
..# #.....#
....#.<...# .
#.........##...#
#.......@l...#
#...........?...#
.............<...#
........###......#
....#...# .......
.......!. .......
...... .......
..... ##.....


You could see a wyvern.

Vanquished Creatures
  A gnoll sergeant (D:3)
  3 gnolls (D:3)
  3 adders
  2 river rats (D:3)
  3 worms
  A dart slug (D:1)
  2 orcs (D:3)
  5 endoplasms
  7 giant cockroaches
  8 goblins
  4 hobgoblins
  2 quokkas
  8 ball pythons
  11 bats
  4 frilled lizards
  2 kobolds (D:2)
  10 rats
76 creatures vanquished.

Notes
Turn   | Place    | Note
-------+----------+-------------------------------------------
     0 | D:1      | Bronimir the Djinni Transmuter began the quest for the Orb.
     0 | D:1      | Bronimir set off with the following spells memorised:
                  | Beastly Appendage, Wereblood, Spider Form, Ice Form.
     0 | D:1      | Reached XP level 1. HP: 17/17 MP: 0/0
   103 | D:1      | Reached XP level 2. HP: 14/22 MP: 0/0
   457 | D:1      | Reached XP level 3. HP: 27/27 MP: 0/0
   457 | D:1      | Learned a level 1 spell: Freeze
   489 | D:1      | Found a faded altar of an unknown god.
   854 | D:2      | Found a broken altar of Ashenzari.
   987 | D:2      | Reached skill level 4 in Unarmed Combat
   993 | D:2      | Reached XP level 4. HP: 27/32 MP: 0/0
  1624 | D:3      | Noticed a gnoll sergeant
  1645 | D:3      | Killed a gnoll sergeant
  1646 | D:3      | Reached XP level 5. HP: 18/37 MP: 0/0
  1646 | D:3      | Learned a level 2 spell: Momentum Strike
  1655 | D:3      | Reached skill level 5 in Unarmed Combat
  2315 | D:3      | Reached XP level 6. HP: 40/43 MP: 0/0
  2693 | D:4      | Noticed a wyvern
  2709 | D:4      | Mangled by a wyvern

Illustrated notes

Levels and vault maps discovered:
D:1:      lightli_arrival_statuegarden, layout_rooms,
          ebering_ecumenical_altar_rust, nicolae_eternal_life,
          minmay_misc_feat_room
D:2:      layout_loops_ring, basic_altar
D:3:      layout_basic, lightli_sewer_entry_pipes
D:4:      layout_cave_pools, serial_shops, nicolae_stop_n_shop_1

Skill      XL: |  1  2  3  4  5 |
---------------+----------------+-----
Unarmed Combat | 4 5 |  5.3
Spellcasting   | 2 |  2.2
Dodging        | 3 |  3.1
Fighting       | |  1.8
Stealth        | |  0.7

Action                     |  1- 3 |  4- 6 || total
---------------------------+-------+-------++-------
  Melee: Unarmed           |   117 |   143 ||   260
         Punch             |     2 |     4 ||     6
   Cast: Beastly Appendage |     1 |     1 ||     2
    Use: Potion            |       |     4 ||     4
   Stab: Sleeping          |     3 |     5 ||     8
         Distracted        |       |     1 ||     1
 Armour: Robe              |    21 |    20 ||    41
         Skin              |       |     9 ||     9
  Dodge: Dodged            |    60 |    75 ||   135
